tertium, lawful male human Archeologist # ^ ------- ----|-|--- -------- |.....| |[.)....>-#### ..(....| |.....-## #.........| # |......| |.....|## #|........-# ##-<.....| -.-----###)####.........|# -.------ ######### #|........|# # ( # ###----.-----# # ### # # ## # ### # # ### # ### # --- --.---- # # # # # -.---- |.........| ---------.--#### # |....| |[)[)))[[[.#d####d |/.........| ## --------.----- |....| |[))))[*..| R |...........#####|..^.........| |....| |))[[))))[.# R @## |..........| #-.......^....| |..(.| |[[)[))[[[| # |..........| |............| --|--- |)))[[[))[| ##...........| -------------- ----------- ------------ tertium the Exhumer Experience level: 12 Strength: 13 Dexterity: 9 Constitution: 16 Intelligence: 18 Wisdom: 18 Charisma: 8 Health: 0(94) Energy: 69(69) AC: -3 Gold: 0 Moves: 32206 Your Inventory: Weapons a - the blessed rustproof +7 Frost Brand b - a blessed +5 silver saber (alternate weapon; not wielded) t - 5 uncursed [+0] runed daggers [elven] (in quiver) X - the blessed rustproof +0 Fire Brand (weapon in hand) Armor v - a blessed +4 hooded cloak [dwarvish] y - an uncursed rusty corroded +2 crested helmet [helmet] F - an uncursed +0 dwarvish mithril-coat (being worn) K - an uncursed +2 small shield N - an uncursed rusty +0 pair of gauntlets of power P - an uncursed +3 pair of jackboots [high] Comestibles f - 4 uncursed fortune cookies x - an uncursed apple C - 3 uncursed lizard corpses R - an uncursed candy bar Rings k - an uncursed ring of slow digestion W - an uncursed ring of free action (on right hand) Wands i - an uncursed wand of digging [0:6] o - an uncursed wand of fire [0:8] p - a wand of teleportation (0:4) A - an uncursed wand of cold [0:5] M - an uncursed wand of sleep [0:4] O - an uncursed wand of lightning [0:2] U - a blessed wand of striking [0:3] Tools c - an uncursed silver bell [(Bell of Opening) (0:3)] g - an uncursed magic whistle l - a blessed [magic] lamp called magic (lit) q - a blessed [+0] unicorn horn s - an uncursed key [skeleton key] z - an uncursed towel H - an uncursed sack Z - the blessed Orb of Detection (0:5) Gems S - a blessed luckstone Contents of the sack: a blessed potion called water [of holy water] a wand of cancellation (0:5) an uncursed bag of holding Spells known in the end: Name Level Category Fail Memory a - teleport away 6* escape 100% [........] b - detect monsters 1* divination 76% [........] c - cause fear 3* enchantment 100% [........] d - cure sickness 3* healing 100% [........] e - clairvoyance 3 divination 100% [|||||||.] Your skills at the end: Fighting Skills two weapon combat [Basic / Basic] body armor [Basic / Basic] shield [Skilled / Skilled] Weapon Skills pick-axe [Basic / Expert] long sword [Basic / Basic] saber [Skilled / Expert] sling [Basic / Skilled] whip [Skilled / Expert] Spellcasting Skills Final Attributes: You were piously aligned. Hunger level was 1226. Your alignment was 170 / 171. Monster difficulty range was 3 - 17. Level difficulty was 22. You were immune to fire. You resisted cold. You were immune to sleep. You resisted electricity. You resisted poison. You were magic-protected. You resisted spell damage. You saw invisible. You were telepathic. You had automatic searching. You were stealthy. You were protected. You were fast. You had free action. You were lucky (4). You had extra luck. Good luck did not time out for you. You are dead. Vanquished creatures: Croesus The Minion of Huhetotl 2 sarkanies a guivre a draken 2 lindworms a leviathan 3 tatzelworms a baluchitherium a vampire lord a captain a lurker above 4 black puddings a vampire 7 lieutenants 3 ghosts 2 giant mimics a zruty a fire giant 2 ogre kings 2 rock trolls an Elvenking 5 large mimics a wumpus 3 long worms 2 stalkers 2 air elementals 2 fire elementals an earth elemental 6 hill giants a black naga 2 giant zombies 16 sergeants a water demon a winter wolf 10 small mimics 2 glass piercers a rodent of unusual size 2 warhorses 2 xans 3 ettin mummies 2 ogre lords 2 quantum mechanics 5 trolls a sasquatch 2 wood golems a giant turtle 2 gelatinous cubes a pyrolisk a large dog 2 freezing spheres 3 flaming spheres 4 shocking spheres a large cat 2 tigers a gargoyle 3 tengu 2 ochre jellies 3 leocrottas 3 energy vortices 6 mountain centaurs 2 stone giants 5 elf mummies 25 human mummies a red naga 7 pit vipers 11 pythons 4 cobras 3 wraiths 2 leather golems 68 soldiers 3 watchmen 2 succubi 3 incubi 3 chameleons 2 crocodiles 3 giant beetles 5 quivering blobs 7 cockatrices 5 wolves 7 winter wolf cubs a lynx 3 panthers a spotted jelly 8 leprechauns 2 orc-captains an iron piercer a mumak 3 giant spiders 3 scorpions 3 horses 4 ice vortices a black light 5 forest centaurs 2 gnome kings 3 orc mummies 3 dwarf mummies an ogre 9 brown puddings 4 rust monsters 2 owlbears a yeti 2 gold golems 4 lizards 2 students 5 chickatrices a dog 4 dingos 3 housecats 3 jaguars 2 dwarf lords a blue jelly 2 gray unicorns 4 dust vortices 4 ravens 5 plains centaurs 7 gnome mummies 35 snakes 8 apes 7 human zombies 5 rope golems 2 Woodland-elves 13 soldier ants 4 fire ants 8 snow ants 15 bugbears an imp 4 quasits 8 wood nymphs 7 water nymphs a mountain nymph 8 Mordor orcs 5 Uruk-hai 5 orc shamans 9 rock piercers an enormous rat 8 rock moles 2 ponies 5 fog clouds 7 yellow lights 2 shriekers 4 violet fungi 26 gnome lords 6 gnomish wizards 6 kobold mummies a red naga hatchling 2 guardian naga hatchlings 13 gray oozes 3 barrow wights 12 elf zombies a ghoul a straw golem 2 paper golems 2 wax golems 3 giant ants 2 little dogs 6 floating eyes 2 kittens 12 dwarves 5 homunculi 4 kobold lords 6 kobold shamans 34 hill orcs 9 rothes 3 rabid rats 5 centipedes 2 giant bats a monkey 4 orc zombies 4 dwarf zombies 2 wererats 2 werejackals 13 iguanas 15 killer bees 3 acid blobs 2 coyotes 3 gas spores 5 hobbits 34 manes 5 large kobolds 19 hobgoblins 12 giant rats 9 cave spiders a brown mold 4 yellow molds 3 green molds 85 gnomes 77 garter snakes 4 gnome zombies 5 geckos 15 jackals a fox 3 kobolds 9 goblins 3 sewer rats 8 grid bugs 3 bats 7 lichens 2 kobold zombies 5 newts 1138 creatures vanquished. Voluntary challenges: You used a wielded weapon 1321 times. You read items or engraved 38 times. You put on armor 144 times. You never genocided any monsters. You never polymorphed an object. You changed form 2 times. You used no wishes. You abstained from Elbereth's help. You encountered 2 bones levels. You never used any Sokoban shortcuts. Dungeon overview: The Dungeons of Doom: levels 1 to 23 Level 1 some fountains a long staircase Level 2 a scroll shop, some fountains Level 3 a delicatessen, a fountain stairs to The Gnomish Mines Level 4 a general store, some fountains Level 5 a general store, a fountain Level 6 some fountains, a sink Level 7 a general store Level 8 some fountains Level 9 a fountain stairs to Sokoban Level 10 stairs to Town Level 12 portal to Fort Ludios Level 14 some fountains portal to The Quest Level 15 some fountains Level 17 a general store Level 18 some fountains, some trees Level 19 some fountains, a tree Level 20 a sink Level 21 some fountains Level 22 <- You were here portal to One-eyed Sam's Market The Gnomish Mines: levels 4 to 11 Level 4 stairs to The Dungeons of Doom Level 6 some shops, a temple to Quetzalcoatl, a magic chest, some fountains The Quest: levels 1 to 5 Level 1 a magic chest portal to The Dungeons of Doom Level 3 some temples Level 5 a temple Sokoban: levels 6 to 8 Level 8 a magic chest stairs to The Dungeons of Doom Town: Level 9 stairs to The Dungeons of Doom Fort Ludios: Level 1 a magic chest portal to The Dungeons of Doom One-eyed Sam's Market: Level 1 portal to The Dungeons of Doom History has recorded: On T:1 you entered the Dungeons of Doom to retrieve the Amulet of Yendor! On T:431 you reached level 2 of The Dungeons of Doom. On T:947 you advanced to experience level 2. On T:1045 you reached level 3 of The Dungeons of Doom. On T:1066 you reached level 1 of The Gnomish Mines. On T:1103 you reached level 4 of The Dungeons of Doom. On T:1376 you advanced to experience level 3. On T:1883 you advanced to experience level 4. On T:2316 you advanced to experience level 5. On T:2396 you reached level 2 of The Gnomish Mines. On T:2717 you advanced to experience level 6. On T:3213 you reached level 3 of The Gnomish Mines. On T:4166 you received a fireproof thirsty bullwhip of telepathy from Quetzalcoatl. On T:4487 you advanced to experience level 7. On T:5753 you received Frost Brand from Quetzalcoatl. On T:6338 you reached level 5 of The Dungeons of Doom. On T:7534 you reached level 6 of The Dungeons of Doom. On T:8128 you reached level 7 of The Dungeons of Doom. On T:8510 you reached level 8 of The Dungeons of Doom. On T:8751 you advanced to experience level 8. On T:9887 you reached level 9 of The Dungeons of Doom. On T:11916 you reached level 4 of The Gnomish Mines. On T:12098 you reached level 5 of The Gnomish Mines. On T:12209 you advanced to experience level 9. On T:12830 you reached level 6 of The Gnomish Mines. On T:12880 you reached level 7 of The Gnomish Mines. On T:13002 you reached level 8 of The Gnomish Mines. On T:13794 you advanced to experience level 10. On T:15668 you received Fire Brand from Quetzalcoatl. On T:18501 you reached level 10 of The Dungeons of Doom. On T:18556 you reached level 3 of Sokoban. On T:19150 you reached level 2 of Sokoban. On T:19355 you advanced to experience level 11. On T:19779 you reached level 1 of Sokoban. On T:21780 you reached level 3 of Town. On T:21857 you reached level 11 of The Dungeons of Doom. On T:22187 you reached level 12 of The Dungeons of Doom. On T:22234 you reached level 13 of The Dungeons of Doom. On T:22582 you reached Fort Knox. On T:22914 you advanced to experience level 12. On T:24183 you killed Croesus in Fort Knox. On T:24943 you reached level 14 of The Dungeons of Doom. On T:25487 you reached level 1 of The Quest. On T:25962 you embarked upon an epic quest. On T:26026 you reached level 2 of The Quest. On T:26083 you reached level 3 of The Quest. On T:27234 you reached level 4 of The Quest. On T:27572 you reached level 5 of The Quest. On T:27662 you killed Minion of Huhetotl on level 5 of The Quest. On T:28333 you completed the quest! On T:28571 you reached level 15 of The Dungeons of Doom. On T:28887 you reached level 16 of The Dungeons of Doom. On T:29324 you reached level 17 of The Dungeons of Doom. On T:29806 you reached level 18 of The Dungeons of Doom. On T:29839 you reached level 19 of The Dungeons of Doom. On T:30368 you reached level 20 of The Dungeons of Doom. On T:30642 you reached level 21 of The Dungeons of Doom. On T:31405 you reached level 22 of The Dungeons of Doom. On T:31749 you reached level 1 of One-eyed Sam's Market. On T:31772 you reached level 23 of The Dungeons of Doom. Latest messages: [HP-2=66] You miss it. The disenchanter hits! (2x) [HP-16=50] [2 turns] Your movements are only slowed slightly by your load. The disenchanter hits! [HP-5=45] The fiery blade burns the disenchanter! The disenchanter hits! [HP-9=36] You miss it. The disenchanter hits! [HP-7=29] You miss it. The disenchanter hits! [HP-11=18] The fiery blade burns the disenchanter! The disenchanter hits! (2x) You die... The bag of holding is empty. Final status: Goodbye tertium the Archeologist... You died in The Dungeons of Doom on dungeon level 22 with 12848 points, and 0 pieces of gold, after 32206 moves. You were level 12 with a maximum of 94 hit points when you died.